 Dungeon Crawl Stone Soup version 0.30-a0-263-ge22c4ad894 (webtiles) character file.

Game seed: 14391604024747921263

63 koil the Grave Robber (level 3, 0/26 HPs)
             Began as a Vampire Necromancer on Oct 13, 2022.
             Slain by a gnoll
             ... wielding a +0 club
              (6 damage)
             ... on level 3 of the Dungeon.
             The game lasted 00:06:01 (1462 turns).

koil the Grave Robber (Vampire Necromancer)         Turns: 1462, Time: 00:06:02

Health: 0/26       AC: 14    Str:  7    XL:     3   Next: 87%
Magic:  5/6        EV:  2    Int: 19    God:
Gold:   53         SH:  0    Dex: 14    Spells: 5/6 levels left

rFire   . . .      SeeInvis +    d - +0 short sword
rCold   . . .      Faith    .    (no shield)
rNeg    . . .      Spirit   .    r - +6 chain mail of the Echidna {Stlth+}
rPois   .          Reflect  .    (no helmet)
rElec   .          Harm     .    (no cloak)
rCorr   .          Rampage  .    (no gloves)
Will    .....                    (no boots)
Stlth   ..........               (no amulet)
HPRegen 0.44/turn                (no ring)
MPRegen 0.10/turn                (no ring)

@: very slightly contaminated, healing quickly, hasted, very quick
A: alive, fangs 3, see invisible, vampiric 2
a: Exsanguinate


You were on level 3 of the Dungeon.
You visited 1 branch of the dungeon, and saw 3 of its levels.

You collected 53 gold pieces.

Inventory:

Hand Weapons
 d - a +0 short sword (weapon)
Armour
 a - a +0 robe
 r - the +6 chain mail of the Echidna (worn) {Stlth+}
   (You found it on level 2 of the Dungeon)

   Stlth:     It makes you more stealthy.
Magical Staves
 q - a staff of air
Jewellery
 k - a ring of flight
 m - a ring of fire
Scrolls
 c - a scroll of enchant armour {unknown}
 f - a scroll of summoning {unknown}
 g - a scroll of noise {unknown}
 h - a scroll of vulnerability {unknown}
 j - 2 scrolls of torment {unknown}
 n - a scroll of teleportation {unknown}
 o - a scroll of fear {unknown}
 p - a scroll of enchant weapon {unknown}
 s - a scroll of fog {unknown}
 u - a scroll of poison {unknown}
Potions
 b - a potion of magic
 e - 2 potions of haste
 i - 2 potions of heal wounds {unknown}
 l - 2 potions of flight {unknown}
 t - 2 potions of mutation {unknown}


   Skills:
 + Level 1.0 Fighting
 + Level 1.4 Short Blades
 + Level 2.6 Dodging
 + Level 3.7 Stealth
 + Level 2.4 Spellcasting
 + Level 4.7 Necromancy


You had 5 spell levels left.
You knew the following spells:

 Your Spells              Type           Power      Damage    Failure   Level
a - Necrotise             Necr           80%        1d8       100%        1

Your spell library contained the following spells:

 Spells                   Type           Power      Damage    Failure   Level
 Freeze                   Ice            8%         1d3       100%        1
 Slow                     Hex            8%         N/A       100%        1
 Confusing Touch          Hex            2%         N/A       100%        3
 Frozen Ramparts          Ice            4%         1d1       100%        3
 Hailstorm                Conj/Ice       2%         3d3       100%        3
 Ignite Poison            Fire/Tmut/Pois 2%         N/A       100%        3
 Inner Flame              Hex/Fire       2%         N/A       100%        3
 Vampiric Draining        Necr           20%        2d7       100%        3
 Animate Dead             Necr           20%        N/A       100%        4
 Flame Wave               Conj/Fire      2%         2d4       100%        4
 Sticky Flame             Conj/Fire      2%         2d3       100%        4
 Agony                    Necr           20%        N/A       100%        5
 Ignition                 Fire           1%         3d3       100%        8


Dungeon Overview and Level Annotations

Branches:
Dungeon (3/15)

Altars:


Innate Abilities, Weirdness & Mutations

Your natural rate of healing is accelerated.
You have razor-sharp teeth.
You have supernaturally acute eyesight. (SInv)
You are afflicted with vampirism and can become a bat while bloodless.


Message History

The gnoll is heavily wounded.
The gnoll hits you but does no damage. x2
You hit the gnoll.
The gnoll is severely wounded.
The gnoll hits you but does no damage.
The gnoll hits you from afar with a +0 spear.
The gnoll completely misses you.
You hit the gnoll but do no damage.
The gnoll is severely wounded.
The gnoll hits you but does no damage.
The gnoll hits you from afar with a +0 spear.
The gnoll hits you but does no damage.
You are too injured to fight recklessly!
You are too injured to fight recklessly!
You are too injured to fight recklessly!
You are too injured to fight recklessly!
Casting: Necrotise (safe; 100% risk of failure)
Confirm with . or Enter, or press ? or * to list all spells.
Aiming: Necrotise (safe; 100% risk of failure)
Press: ? - help, Shift-Dir - straight line, f - gnoll
Aim: a gnoll, wielding a +0 club (severely wounded, chance to affect: 84%)
You miscast Necrotise.
You are very lightly contaminated with residual magic.
Nothing appears to happen.
The gnoll hits you but does no damage.
The gnoll hits you from afar with a +0 spear.
The gnoll hits you with a +0 club.
You hit the gnoll.
The gnoll is almost dead.
The gnoll hits you but does no damage. The gnoll hits you with a +0 club.
* * * LOW HITPOINT WARNING * * *
The gnoll hits you but does no damage.
You barely miss the gnoll.
The gnoll is almost dead.
The gnoll hits you but does no damage. The gnoll hits you with a +0 club.
* * * LOW HITPOINT WARNING * * *
The gnoll hits you but does no damage.
It was a potion of haste.
You feel yourself speed up. The gnoll hits you but does no damage.
The gnoll hits you with a +0 club.
You die...

#..........#
#......>...# ###
##........## ..#
#..........##..#
#..........#<..#
#..........#..#
#........†....###
###.........†......
#####g@.........†<#####
#gJg..###.........#
#.).##### ##.###...##
.....### #.##....#
##.#. #.##†.#.# # .
#.#...#.# ## #.#.#.#..
#...#.#..# ..##..#.##


You could see 3 gnolls and an endoplasm.

Vanquished Creatures
  An adder (D:2)
  3 dart slugs
  An orc (D:3)
  A ball python (D:3)
  An endoplasm (D:1)
  3 giant cockroaches
  2 goblins (D:1)
  3 hobgoblins
  8 jackals
  4 quokkas
  8 bats
  2 frilled lizards
  2 kobolds (D:1)
  3 rats (D:1)
42 creatures vanquished.

Vanquished Creatures (collateral kills)
  A kobold (D:1)
1 creature vanquished.

Grand Total: 43 creatures vanquished

Notes
Turn   | Place    | Note
-------+----------+-------------------------------------------
     0 | D:1      | koil the Vampire Necromancer began the quest for the Orb.
     0 | D:1      | Reached XP level 1. HP: 13/13 MP: 3/3
   216 | D:1      | Reached XP level 2. HP: 9/19 MP: 3/5
   445 | D:1      | Reached skill level 1 in Short Blades
   761 | D:2      | Gained mutation: You are afflicted with vampirism and can
                  | become a bat while bloodless. [Vampire growth]
   761 | D:2      | Reached XP level 3. HP: 25/25 MP: 3/6
  1144 | D:2      | Reached skill level 1 in Fighting
  1159 | D:2      | Identified the +6 chain mail of the Echidna {Stlth+}
  1189 | D:2      | Found a faded altar of an unknown god.
  1462 | D:3      | Slain by a gnoll

Illustrated notes

Levels and vault maps discovered:
D:1:      dpeg_arrival_another_circle, layout_loops_cross, st_stairs_2
D:2:      layout_rooms, nicolae_ecumenical_oubliette
D:3:      layout_rooms, nemelex_altar_shiori, mainiacjoe_overflow_24_doors,
          mainiacjoe_overflow_alcove_2

Skill      XL: |  1  2  3 |
---------------+----------+-----
Short Blades   | 1 |  1.4
Fighting       | 1 |  1.0
Dodging        | |  2.6
Stealth        | |  3.7
Spellcasting   | |  2.4
Necromancy     | |  4.7

Action                   || total
-------------------------++-------
Melee: Short sword       ||   116
       Unarmed           ||    11
       Bite              ||     9
       Punch             ||     4
 Cast: Necrotise         ||    21
  Use: Potion            ||     1
 Stab: Sleeping          ||     4
Armor: Robe              ||    24
       Chain mail        ||    88
Dodge: Dodged            ||    95

Table legend: (Time is in decaauts)
 A = Elapsed time spent in this place.
 B = Non-inter-level travel time spent in this place.
 C = Inter-level travel time spent in this place.
 D = Time resting spent in this place.
 E = Time spent auto-exploring this place.
 F = Levels seen in this place.
 G = Mean time per level.
                   A        B        C        D        E       F      G
               +--------+--------+--------+--------+--------+-----+--------+
         Total |   1455 |   1407 |     48 |     43 |   1002 |   3 |  485.0 |
       Dungeon |   1455 |   1407 |     48 |     43 |   1002 |   3 |  485.0 |
               +--------+--------+--------+--------+--------+-----+--------+

Top non-repeatable levels by time:
     D:1: 741 daAuts
     D:2: 567 daAuts
     D:3: 146 daAuts
